 Dungeon Crawl Stone Soup version 0.21.1-1-g345015f (webtiles) character file.

555 spiff the Sneak (level 7, -5/46 HPs)
             Began as a Human Enchanter on July 25, 2018.
             Slain by an ice beast (14 damage)
             ... on level 4 of the Dungeon.
             The game lasted 00:15:52 (7607 turns).

spiff the Sneak (Human Enchanter)                   Turns: 7607, Time: 00:15:53

Health: -5/46      AC:  2    Str:  8    XL:     7   Next: 55%
Magic:  0/10       EV: 12    Int: 16    God:
Gold:   187        SH:  0    Dex: 15    Spells: 5/10 levels left

rFire    . . .     SeeInvis .   a - +2 dagger
rCold    . . .     Gourm    .   (no shield)
rNeg     . . .     Faith    .   b - +0 robe
rPois    .         Spirit   .   (no helmet)
rElec    .         Reflect  .   (no cloak)
rCorr    .         Harm     .   (no gloves)
MR       .....                  (no boots)
Stlth    +++.......             (no amulet)
HPRegen  0.15/turn              (no ring)
MPRegen  0.12/turn              (no ring)

@: no status effects
A: no striking features
a: no special abilities


You were on level 4 of the Dungeon.
You were not hungry.

You visited 1 branch of the dungeon, and saw 5 of its levels.

You collected 187 gold pieces.

Inventory:

Hand Weapons
 a - a +2 dagger (weapon)
 q - a +0 long sword
Armour
 b - a +0 robe (worn)
Jewellery
 r - an uncursed ring of fire
Wands
 s - a wand of digging (16)
Scrolls
 e - 5 scrolls of remove curse
 i - a scroll of fog
 l - 4 scrolls of identify
 o - a scroll of enchant armour {unknown}
 t - a scroll of enchant weapon
 w - a scroll of random uselessness {unknown}
Potions
 f - a potion of invisibility
 g - 4 potions of curing {unknown}
 j - 2 potions of brilliance {unknown}
 k - a potion of haste
 m - a potion of agility {unknown}
 n - 2 potions of flight {unknown}
 p - a potion of magic {unknown}
 u - a potion of degeneration {unknown}
 v - a potion of heal wounds {unknown}
Books
 c - a book of Maledictions

   Spells                             Type                      Level
   a - Corona                         Hexes                        1
   b - Ensorcelled Hibernation        Hexes/Ice                    2
   c - Confuse                        Hexes                        3
   d - Tukima's Dance                 Hexes                        3
   e - Dazzling Spray                 Conjuration/Hexes            3
Comestibles
 d - 5 rations


   Skills:
 - Level 1.0(2.5) Short Blades
 + Level 3.6(3.7) Long Blades
 - Level 2.0 Dodging
 + Level 5.7 Stealth
 - Level 2.0 Spellcasting
 + Level 5.4 Hexes


You had 5 spell levels left.
You knew the following spells:

 Your Spells              Type           Power        Failure   Level  Hunger
b - Ensorcelled Hibernat  Hex/Ice        ##....       11%         2    ###....
c - Confuse               Hex            ###.....     7%          3    ###....


Dungeon Overview and Level Annotations

Branches:
Dungeon (5/15)
 Temple: D:4-7

Altars:
Trog

Annotations:
D:3 kyoneko's ghost, novice DrCj


Message History

The ice beast is almost dead.
The ice beast hits you. The ice beast freezes you!
You hit the ice beast but do no damage.
The ice beast is almost dead.
You hit the ice beast.
The ice beast is almost dead.
The ice beast hits you. The ice beast freezes you!
* * * LOW HITPOINT WARNING * * *
Casting: Confuse
Confirm with . or Enter, or press ? or * to list all spells.
Aiming: Confuse
Press: ? - help, Shift-Dir - straight line, f/p - ice beast
Aim: an ice beast (almost dead, chance to defeat MR: 50%)
The ice beast appears confused.
The ice beast misses you.
You barely miss the ice beast.
The ice beast is almost dead.
The ice beast hits you.
* * * LOW HITPOINT WARNING * * *
The ice beast freezes you!
You die...

######<#....# ##...#.###..
#############......# ###.#.# ##.
#..........###.....# #...# #.
...........#.[...).########.# ##
...........#.##.#......# #.# #
#..........#.#..#.#....####.#####
#............#.##.####...##......
#............).#Y.# #............
#...........####@## #............
#...........# #.# #............
#...........# #.# #...........#
#...........# #.####...........#
#########.#.####.##.........<...#
#######.......................#
#.....[.######.##..######.....#
###.####.># ##.#..## ####..#
...(# #..## #....###### ##.#


You could see an ice beast (confused).

Vanquished Creatures
  A bullfrog (D:3)
  A scorpion (D:5)
  6 orc priests
  A bullfrog skeleton (D:4)
  3 orc wizards
  A worker ant (D:4)
  2 adders
  2 oozes (D:3)
  2 worms (D:2)
  A dart slug (D:2)
  A leopard gecko (D:1)
  6 orcs
  5 giant cockroaches
  8 hobgoblins (D:1)
  11 jackals
  9 kobolds
  A ball python (D:2)
  7 bats
  3 frilled lizards
  10 goblins
  9 rats
90 creatures vanquished.

Notes
Turn   | Place    | Note
-------+----------+-------------------------------------------
     0 | D:1      | spiff the Human Enchanter began the quest for the Orb.
     0 | D:1      | Reached XP level 1. HP: 13/13 MP: 3/3
   268 | D:1      | Reached XP level 2. HP: 15/19 MP: 1/5
   712 | D:1      | Learned a level 2 spell: Ensorcelled Hibernation
  1253 | D:1      | Reached XP level 3. HP: 24/24 MP: 6/6
  1608 | D:1      | Learned a level 3 spell: Confuse
  2554 | D:2      | Reached XP level 4. HP: 22/30 MP: 0/7
  2930 | D:2      | Found a bloodstained altar of Trog.
  3402 | D:3      | Reached skill level 1 in Long Blades
  3517 | D:3      | Noticed a sky beast
  3672 | D:3      | Noticed a bullfrog
  3945 | D:3      | Reached XP level 5. HP: 9/35 MP: 0/8
  4414 | D:3      | Noticed kyoneko's ghost (novice DrCj)
  4636 | D:3      | Killed a bullfrog
  4701 | D:3      | Reached XP level 6. HP: 40/41 MP: 9/9
  5473 | D:4      | Reached skill level 5 in Stealth
  6083 | D:4      | Reached skill level 5 in Hexes
  6331 | D:5      | Entered Level 5 of the Dungeon
  6338 | D:5      | Reached XP level 7. HP: 46/46 MP: 10/10
  6345 | D:5      | HP: 2/46 [orc wizard/magic dart (10)]
  7607 | D:4      | Slain by an ice beast

Skill      XL: |  1  2  3  4  5  6 |
---------------+-------------------+-----
Stealth        | 4 5 |  5.7
Hexes          | 4 5 |  5.4
Long Blades    | 1 2 3 |  3.6
Short Blades   | |  1.0
Dodging        | |  2.0
Spellcasting   | |  2.0

Action                   |  1- 3 |  4- 6 |  7- 9 || total
-------------------------+-------+-------+-------++-------
Melee: Dagger            |   163 |   150 |    34 ||   347
 Cast: Corona            |     9 |       |       ||     9
       Ensorcelled Hiber |    22 |    35 |    20 ||    77
       Confuse           |     1 |    17 |     9 ||    27
  Use: Scroll            |       |     8 |       ||     8
 Stab: Sleeping          |    17 |    25 |     4 ||    46
       Confused          |       |     3 |     2 ||     5
  Eat: Chunk             |     6 |    11 |     1 ||    18
       Ration            |       |     2 |     2 ||     4
Armor: Robe              |    37 |    31 |     7 ||    75
Dodge: Dodged            |    83 |   119 |    20 ||   222
